Map: Dusk Towers

Players

Lethologica - Winner!

  • Race: Terran Terran
  • League: Platinum

ZcLee

  • Race: Zerg Zerg
  • League: Diamond

VOD

Have the link to the VOD?

Description

Time

  • Played on: Nov. 16, 2015, 8:07 p.m.
  • Length: 12:00
Show
View Real Time Build Order
Export as new Build Order

Lethologica Terran - Winner!

Build Orders: Command Center First (CC), MMM Bio 

Get SALT Encoding   

  12  0:00  SCV  
  13  0:12  SCV  
  14  0:21  Supply Depot  
  14  0:24  SCV  
  15  0:43  SCV  
  16  0:55  SCV  
  17  1:02  Command Center  
  17  1:13  Barracks  
  17  1:16  SCV  
  18  1:29  SCV  
  18  1:31  Refinery  
  19  1:41  SCV  
  20  1:53  SCV  
  21  2:00  Marine  
  22  2:09  Bunker  
  22  2:13  Orbital Command  
  22  2:15  Orbital Command  
  22  2:26  Barracks  
  22  2:30  Marine  
  23  2:40  SCV  
  23  2:41  SCV  
  25  2:47  Marine  
  26  2:52  SCV  
  26  2:53  SCV  
  28  3:03  Command Center  
  28  3:05  SCV  
  29  3:15  SCV, Barracks Reactor  
  29  3:18  Supply Depot  
  29  3:19  SCV  
  31  3:22  Barracks Tech Lab  
  31  3:27  SCV  
  31  3:32  SCV  
  33  3:35  Factory  
  33  3:39  SCV  
  34  3:43  Marauder  
  34  3:44  SCV  
  34  3:47  Stimpack, Refinery  
  37  3:51  SCV  
  37  3:52  Refinery, Marine x2  
  37  3:54  Refinery  
  40  3:56  SCV  
  41  4:03  SCV  
  41  4:07  Marauder  
  41  4:08  SCV  
  45  4:14  Marine x2  
  45  4:15  SCV  
  48  4:18  Bunker  
  48  4:20  SCV  
  48  4:24  Supply Depot, Factory Reactor  
  49  4:28  SCV  
  49  4:29  Barracks  
  50  4:32  SCV  
  50  4:36  Marine x2  
  50  4:37  Marauder  
  55  4:40  SCV  
  55  4:44  SCV  
  57  4:50  Engineering Bay  
  57  4:51  Engineering Bay  
  57  4:52  SCV  
  58  4:56  SCV  
  58  4:57  Marine x2  
  60  5:01  Widow Mine x2  
  60  5:02  Marauder  
  60  5:04  SCV, Orbital Command  
  67  5:08  SCV  
  67  5:13  Supply Depot  
  68  5:16  SCV  
  68  5:20  Barracks Reactor, Starport  
  69  5:22  Terran Infantry Armor Level 1  
  69  5:25  Terran Infantry Weapons Level 1  
  69  5:34  Marine x2, Widow Mine  
  69  5:35  SCV x2, Marauder  
  77  5:44  Supply Depot  
  77  5:47  Supply Depot  
  77  5:48  Combat Shields  
  77  5:52  SCV x3, Widow Mine  
  77  5:54  Missile Turret  
  82  5:57  Missile Turret  
  82  6:02  Missile Turret  
  82  6:04  SCV  
  82  6:07  Marine x4  
  82  6:08  Supply Depot, Starport Reactor, Marauder  
  82  6:10  SCV  
  90  6:13  Armory  
  90  6:14  SCV  
  90  6:17  SCV  
  92  6:19  Widow Mine  
  92  6:22  SCV  
  95  6:26  SCV  
  95  6:29  SCV  
  95  6:32  Widow Mine, Marine x4  
  97  6:33  Marauder  
  98  6:42  Bunker  
  89  6:51  Widow Mine, Marine x4  
  89  6:52  Medivac x2  
  91  6:58  Marauder  
  91  7:01  Widow Mine  
  91  7:03  SCV  
  94  7:11  Barracks x2, Marine x4  
  94  7:13  SCV  
  94  7:14  Refinery  
  99  7:16  Refinery  
  99  7:25  Marine  
  99  7:27  Medivac x2  
  99  7:28  Command Center  
  99  7:29  Marine  
  107  7:35  Marine x3  
  108  7:50  Marine x2  
  108  7:53  Factory Tech Lab  
  108  7:56  Marine  
  109  8:06  SCV, Marine  
  109  8:07  Supply Depot  
  109  8:08  Supply Depot  
  109  8:10  Supply Depot  
  109  8:18  Marine x2  
  109  8:29  Marauder, Medivac x2, Siege Tank, Marine x2  
  109  8:32  Command Center, Barracks Tech Lab  
  109  8:34  Barracks Tech Lab  
  120  8:39  Factory, Marine  
  120  8:40  Marine  
  122  8:42  Terran Infantry Armor Level 2, Terran Infantry Weapons Level 2, Liberator x2  
  120  8:49  Marine x2  
  128  9:07  Marine x2  
  128  9:08  Marauder, Marine  
  133  9:15  Command Center  
  133  9:22  Terran Vehicle Weapons Level 1  
  133  9:27  Liberator x2  
  133  9:30  Supply Depot  
  133  9:32  SCV, Marauder, Siege Tank, Marine x2  
  133  9:33  Supply Depot  
  133  9:34  Supply Depot  
  133  9:35  Supply Depot x2  
  141  9:44  Marauder x2, Marine x2  
  153  9:46  Supply Depot  
  153  9:47  Supply Depot  
  153  9:48  Supply Depot  
  153  9:50  SCV  
  154  9:53  SCV  
  154  9:55  SCV  
  157  10:04  Siege Tank, Marine x3  
  157  10:05  Marauder, Marine  
  157  10:06  Marauder  
  168  10:08  Planetary Fortress  
  167  10:18  Marine  
  168  10:22  Marine x2  
  168  10:26  Marauder  
  168  10:27  Marauder  
  149  10:36  Marauder  
  149  10:37  Marine x2  
  149  10:38  Widow Mine  
  149  10:39  Medivac x2  
  149  10:40  Marine  
  133  10:48  Marine, Marauder  
  133  10:49  Planetary Fortress, Marine  
  131  10:55  Marine x2  
  132  10:58  Marauder, Marine  
  123  11:06  Widow Mine  
  123  11:07  Marauder  
  118  11:16  Marine x4  
  118  11:17  Medivac x2, Marauder  
  128  11:19  Marauder  
  119  11:28  Marine  
  119  11:30  SCV  
  121  11:34  Marine x2  
  121  11:36  Barracks  
  121  11:37  Barracks  
  123  11:40  Barracks  
Show
View Real Time Build Order
Export as new Build Order

ZcLee Zerg 

Build Orders: Hatch First 

Get SALT Encoding   

  12  0:02  Drone  
  13  0:08  Drone  
  14  0:17  Overlord  
  14  0:25  Drone, Extractor  
  15  0:36  Drone x2  
  17  0:45  Drone  
  18  0:59  Drone  
  18  1:03  Hatchery  
  18  1:07  Drone  
  19  1:15  Spawning Pool  
  19  1:18  Extractor  
  17  1:20  Drone  
  18  1:28  Drone  
  19  1:39  Overlord  
  19  2:02  Queen  
  19  2:03  Zergling x4  
  23  2:15  Queen  
  23  2:17  Drone x2  
  27  2:23  Metabolic Boost  
  27  2:25  Drone  
  27  2:28  Drone  
  29  2:43  Hatchery, Drone x2  
  30  2:49  Drone x2  
  32  2:54  Drone  
  33  2:59  Drone  
  33  3:04  Lair  
  33  3:05  Extractor  
  33  3:06  Drone  
  33  3:12  Drone  
  35  3:16  Drone  
  36  3:25  Overlord x2  
  36  3:26  Overlord  
  36  3:42  Roach Warren  
  36  3:44  Evolution Chamber  
  36  3:45  Extractor  
  36  3:46  Evolution Chamber, Extractor  
  36  3:47  Drone x3  
  34  3:49  Drone  
  34  3:55  Drone x2  
  37  3:59  Drone  
  37  4:01  Drone  
  39  4:04  Drone  
  40  4:14  Zerg Missile Weapons Level 1  
  40  4:15  Zerg Ground Armor Level 1  
  40  4:25  Glial Reconstitution  
  39  4:34  Drone x2  
  39  4:35  Drone x4  
  39  4:37  Drone x2  
  47  4:58  Roach x3  
  47  4:59  Roach x4  
  61  5:06  Queen  
  63  5:09  Overlord  
  63  5:14  Overlord  
  63  5:20  Overlord  
  63  5:27  Roach  
  65  5:30  Ravager x6  
  65  5:34  Zergling x8  
  77  5:43  Roach x4  
  77  5:48  Drone x3  
  86  5:57  Roach x2  
  86  5:59  Overlord  
  90  6:11  Overlord x2  
  90  6:15  Extractor x2  
  88  6:19  Spire  
  88  6:20  Roach x3  
  91  6:32  Roach x4  
  91  6:43  Roach x4  
  91  6:49  Roach x3  
  89  6:54  Roach x2  
  83  7:01  Roach x2  
  83  7:02  Roach  
  83  7:06  Drone x2  
  91  7:11  Drone x3  
  94  7:18  Drone x3  
  94  7:19  Drone x2  
  99  7:25  Ravager x6  
  105  7:31  Drone x3  
  102  7:42  Ravager, Overseer  
  91  7:45  Roach x5  
  91  7:46  Roach  
  103  8:08  Roach x5  
  103  8:10  Overlord x4  
  113  8:29  Mutalisk x3  
  113  8:30  Mutalisk x2  
  123  8:46  Mutalisk x2  
  123  8:47  Mutalisk  
  129  8:49  Zergling x12  
  135  9:08  Zergling x2  
  135  9:09  Zergling x18  
  142  9:18  Zergling x2  
  142  9:19  Zergling x2  
  144  9:24  Pneumatized Carapace  
  144  9:25  Hatchery  
  144  9:30  Roach  
  145  9:31  Overlord  
  145  9:32  Overlord  
  145  9:34  Ravager  
  145  9:36  Overlord x4  
  145  9:42  Baneling Nest  
  145  9:44  Drone  
  145  9:50  Ravager x3  
  145  9:51  Ravager x2  
  150  9:53  Zergling x6  
  150  9:54  Zergling x10  
  158  10:11  Mutalisk x3  
  164  10:19  Overlord x3  
  80  10:50  Zergling x18  
  81  11:07  Zergling x8  
  72  11:23  Mutalisk  
  74  11:31  Mutalisk  
Tags
 
Add a new tag
Caveats
  • Supply blocks, unpowered buildings, or Contaminate may cause inaccurate times.
  • Supply counts are checked every 10 seconds.